 Dungeon Crawl Stone Soup version 0.19.4-8-ga85b6b9 (webtiles) character file.

30 nono the Ducker (level 3, -10/25 HPs)
             Began as a Halfling Monk on Feb 10, 2017.
             Mangled by a gnoll
             ... wielding a +0 halberd
              (16 damage)
             ... on level 1 of the Dungeon.
             The game lasted 00:03:22 (1545 turns).

nono the Ducker (Halfling Monk)                     Turns: 1545, Time: 00:03:23

Health: -10/25     AC:  6    Str: 13    XL:     3   Next: 37%
Magic:  3/3        EV: 13    Int:  8    God:
Gold:   92         SH:  0    Dex: 16    Spells: 0 memorised, 2 levels left

rFire  . . .     SeeInvis +     a - +0 falchion
rCold  + . .     Gourm    .     i - +0 scale mail
rNeg   . . .     Faith    .     (shield restricted)
rPois  .         Spirit   .     (no helmet)
rElec  .         Reflect  .     (no cloak)
rCorr  .         Harm     .     (no gloves)
MR     .....                    (no boots)
Stlth  +.........               (no amulet)
                                l - ring of protection from cold (curse)
                                d - ring of see invisible

@: no status effects
A: mutation resistance 1
a: no special abilities


You were on level 1 of the Dungeon.
You were very hungry.

You visited 1 branch of the dungeon, and saw 2 of its levels.

You collected 92 gold pieces.

Inventory:

Hand Weapons
 a - a +0 falchion (weapon)
Missiles
 h - 26 stones (quivered)
Armour
 b - a +0 robe
 f - a +0 leather armour
 i - a +0 scale mail (worn)
Jewellery
 d - a ring of see invisible (left hand)
 l - a cursed ring of protection from cold (right hand)
Scrolls
 g - a scroll of remove curse {unknown}
 m - a scroll of identify {unknown}
 o - a scroll of fear {unknown}
Potions
 e - 2 potions of might {unknown}
 k - a potion of brilliance {unknown}
 n - a potion of agility {unknown}
 p - a potion of lignification {unknown}
Comestibles
 c - 2 bread rations
 j - 2 meat rations


   Skills:
 - Level 2.6 Fighting
 + Level 3.4 Long Blades
 + Level 1.6 Armour
 + Level 3.7 Dodging
 - Level 2.1 Stealth


You had 2 spell levels left.
You didn't know any spells.

Dungeon Overview and Level Annotations

Branches:
Dungeon (2/15)

Altars:


Innate Abilities, Weirdness & Mutations

You are small and have problems with some larger weapons.
You are somewhat resistant to further mutation.


Message History

There is an open door here.
The goblin hits you with a dagger. The goblin hits you but does no damage.
There is an open door here.
You hit the goblin.
The goblin is heavily wounded.
The goblin hits you with a dagger.
You barely miss the goblin.
The goblin is heavily wounded.
The gnoll barely misses you. The goblin hits you but does no damage.
You completely miss the goblin.
The goblin is heavily wounded.
The gnoll hits you from afar with a halberd.
The goblin hits you with a dagger.
* * * LOW HITPOINT WARNING * * *
You slash the goblin!
You kill the goblin!
The gnoll hits you from afar with a halberd!
Ouch! That really hurt!
You die...

#..........................##...#
####################..##.#.##....
..gg..................##.#.###..#
####################...#.........
# ########### #.#.#.#.###### #
#.........# #.#...#....... #
#.........# #.##..#######. #
#.........######.##..# #.... #
#........gg)@....##.(# #.... #
#.........#########..# #.... #
#.........# ######..## #.... #
#........g# #......>.# #.... #
#.........# #........# #.... #
########'## #........# ####. #
#.# #........# #. # #.#
#........# ###. #
######'#####........# #...


You could see 2 gnolls.

Vanquished Creatures
  3 worms (D:2)
  A bat (D:1)
  3 goblins
  5 hobgoblins (D:1)
  A ball python (D:2)
  3 frilled lizards (D:1)
  3 kobolds (D:1)
  3 rats
22 creatures vanquished.

Notes
Turn   | Place    | Note
-------+----------+-------------------------------------------
     0 | D:1      | nono the Halfling Monk began the quest for the Orb.
     0 | D:1      | Reached XP level 1. HP: 15/15 MP: 1/1
   390 | D:1      | Reached XP level 2. HP: 20/20 MP: 2/2
   909 | D:2      | Reached skill level 1 in Armour
   937 | D:1      | Reached XP level 3. HP: 13/25 MP: 3/3
  1545 | D:1      | Mangled by a gnoll

Skill      XL: |  1  2 |
---------------+-------+-----
Armour         | 1 |  1.6
Fighting       | |  2.6
Long Blades    | |  3.4
Dodging        | |  3.7
Stealth        | |  2.1

Action                   || total
-------------------------++-------
Melee: Falchion          ||    87
 Stab: Sleeping          ||     1
  Eat: Chunk             ||     1
Armor: Scale mail        ||    25
Dodge: Dodged            ||    64
       Rpst.: Falchion   ||    24
